 Dungeon Crawl Stone Soup version 0.18-a0-1372-gd644665 (webtiles) character file.

172 M4edhros the Sneak (level 5, 0/36 HPs)
             Began as an Octopode Monk on Feb 21, 2016.
             Killed by divine providence
             ... invoked by an orc priest
              (14 damage)
             ... on level 3 of the Dungeon.
             The game lasted 00:01:49 (1669 turns).

M4edhros the Sneak (Octopode Monk)                  Turns: 1669, Time: 00:01:49

Health: 0/36       AC:  1    Str: 10    XL:     5   Next: 52%
Magic:  5/5        EV: 18    Int: 12    God:
Gold:   147        SH:  0    Dex: 16    Spells: 0 memorised, 4 levels left

rFire  . . .     SeeInvis .       - Unarmed
rCold  . . .     Gourm    .     (no shield)
rNeg   . . .     Faith    .     (helmet restricted)
rPois  .         Spirit   .     (no amulet)
rElec  .         Dismiss  .     d - +5 ring of evasion
rCorr  .         Reflect  .     (no ring)
SustAt .         Harm     .     (no ring)
MR     .....                    (no ring)
Stlth  +++++.....               (no ring)
                                (no ring)
                                (no ring)
                                (no ring)

@: hasted, very quick, not resistant to hostile enchantments, quite stealthy
A: almost no armour, amphibious, 8 rings, constrict 8, camouflage 1, gelatinous
body 1
a: no special abilities


You were on level 3 of the Dungeon.
You were not hungry.

You visited 1 branch of the dungeon, and saw 3 of its levels.

You collected 147 gold pieces.

Inventory:

Jewellery
 d - a +5 ring of evasion (left tentacle)
Scrolls
 g - a scroll of immolation {unknown}
 h - a scroll of fog {unknown}
 j - 2 scrolls of identify {unknown}
 l - a scroll of remove curse {unknown}
Potions
 b - a potion of flight {unknown}
 c - a potion of might {unknown}
 e - a potion of heal wounds {unknown}
 i - a potion of lignification {unknown}
 m - a potion of ambrosia {unknown}
Comestibles
 a - a bread ration
 f - a meat ration
 k - 2 beef jerkies
 n - 3 chunks of flesh


   Skills:
 - Level 3.0 Fighting
 - Level 3.0 Dodging
 + Level 6.0 Stealth
 + Level 5.4 Unarmed Combat


You had 4 spell levels left.
You didn't know any spells.

Dungeon Overview and Level Annotations

Branches:
Dungeon (3/15)

Altars:
Cheibriados


Innate Abilities, Weirdness & Mutations

You cannot wear most types of armour.
You are amphibious.
You can wear up to eight rings at the same time.
You can use your tentacles to constrict eight enemies at once.
Your skin changes colour to match your surroundings (Stealth).
Your rubbery body absorbs attacks (AC +1).


Message History

A kobold comes into view.
You see here 18 arrows of frost.
The orc priest shouts!
The orc priest hits you with a mace.
You tentacle-slap the orc priest but do no damage.
Your grab misses the orc priest. You barely miss the orc priest.
Your grab misses the orc priest. Your squeeze misses the orc priest.
The orc priest invokes the aid of Beogh against you.
Beogh smites you!
You tentacle-slap the orc priest. You grab the orc priest.
The orc priest is lightly wounded.
You constrict the orc priest. The kobold completely misses you.
The orc priest hits you but does no damage.
Drink which item? (? for menu, Esc to quit)
It was a potion of haste.
You feel yourself speed up.
You constrict the orc priest. The kobold barely misses you.
The orc priest mumbles some strange prayers to Beogh against you.
Beogh smites you!
You die...

.#.)# #.# ##...# #.# .#
#....# #%# .# #....#
#.# ###.## #....# #.#
#.... #....###.# #.#.#
#
###.#...)[###.#.###..#
##......##..(.........#
##.##.#.#######.@K.###
#.##....# #..o.#
.###....# #......# .#
#....# #..#.#.#
.###....# #..#.# #
#.###...# #.....
##(#.#..# #... ..
#.##))..# ####.#.#
.###....#


You could see an orc priest and a kobold.

Vanquished Creatures
  A centaur (D:3)
  4 adders
  An ooze (D:2)
  4 orcs (D:3)
  5 bats
  2 giant cockroaches
  5 goblins
  8 hobgoblins
  10 kobolds
  A quokka (D:3)
  A giant newt (D:1)
  8 rats
50 creatures vanquished.

Notes
Turn   | Place    | Note
--------------------------------------------------------------
     0 | D:1      | M4edhros the Octopode Monk began the quest for the Orb.
     0 | D:1      | Reached XP level 1. HP: 16/16 MP: 1/1
   221 | D:1      | Reached XP level 2. HP: 21/21 MP: 2/2
   878 | D:2      | Found a snail-covered altar of Cheibriados.
   895 | D:2      | Reached XP level 3. HP: 22/26 MP: 3/3
  1399 | D:3      | Reached XP level 4. HP: 28/31 MP: 4/4
  1495 | D:3      | Reached skill level 5 in Stealth
  1557 | D:3      | Noticed a centaur
  1573 | D:3      | Killed a centaur
  1573 | D:3      | Reached skill level 5 in Unarmed Combat
  1573 | D:3      | Reached XP level 5. HP: 34/36 MP: 5/5
  1636 | D:3      | Reached skill level 6 in Stealth
  1669 | D:3      | Killed from afar by an orc priest

Vault maps used:
D:1:      roderic_octagonal_star
D:2:      nicolae_overflow_crystal_walls
D:3:      wad_river_or_something

Action                   |  1- 3 |  4- 6 || total
-------------------------+-------+-------++-------
Melee: Unarmed           |    62 |    48 ||   110
  Use: Potion            |       |     1 ||     1
 Stab: Sleeping          |    18 |     3 ||    21
  Eat: Chunk             |     1 |     1 ||     2
